 Dungeon Crawl Stone Soup version 0.21-a0-525-ga34b322 (webtiles) character file.

1066 tof the Carver (level 8, 0/71 HPs)
             Began as a Minotaur Monk on Dec 7, 2017.
             Was an Initiate of Gozag.
             Slain by an orc warrior
             ... wielding a +0 trident
              (13 damage)
             ... on level 6 of the Dungeon.
             The game lasted 00:09:36 (6576 turns).

tof the Carver (Minotaur Monk)                      Turns: 6576, Time: 00:09:37

Health: 0/71       AC: 11    Str: 16    XL:     8   Next: 7%
Magic:  7/7        EV:  8    Int:  7    God:    Gozag
Gold:   530        SH:  0    Dex: 15    Spells: 7/7 levels left

rFire    + . .     SeeInvis .   y - +0 long sword
rCold    . . .     Gourm    .   (no shield)
rNeg     . . .     Faith    .   a - +0 chain mail
rPois    .         Spirit   .   (helmet restricted)
rElec    .         Reflect  .   (no cloak)
rCorr    +         Harm     .   B - +0 pair of gloves
MR       .....                  (no boots)
Stlth    ..........             (no amulet)
HPRegen  0.21/turn              d - ring of protection from fire
MPRegen  0.10/turn              z - ring of resist corrosion

@: no status effects
A: retaliatory headbutt, horns 2
a: Potion Petition, Call Merchant, Bribe Branch, Renounce Religion


You were on level 6 of the Dungeon.
You worshipped Gozag.
Gozag was pleased with you.
You were not hungry.

You visited 2 branches of the dungeon, and saw 7 of its levels.

You collected 530 gold pieces.

Inventory:

Hand Weapons
 v - a +1 hunting sling of freezing
 y - a +0 long sword (weapon)
Armour
 a - a +0 chain mail (worn)
 w - a +0 shield
 B - a +0 pair of gloves (worn)
Jewellery
 d - a ring of protection from fire (left hand)
 z - a ring of resist corrosion (right hand)
Wands
 s - a wand of polymorph (11)
 C - a wand of random effects (30)
Scrolls
 e - a scroll of blinking
 g - a scroll of enchant weapon
 j - a scroll of enchant armour
 o - a scroll of fear
 p - 2 scrolls of magic mapping {unknown}
 r - 7 scrolls of teleportation {unknown}
 t - 6 scrolls of remove curse {unknown}
 u - a scroll of noise {unknown}
 x - 2 scrolls of identify
 A - 2 scrolls of amnesia {unknown}
Potions
 b - a potion of cancellation {unknown}
 f - a potion of might {unknown}
 i - 3 potions of curing {unknown}
 k - a potion of haste {unknown}
 m - 2 potions of lignification {unknown}
 n - a potion of flight {unknown}
 q - a potion of experience {unknown}
Comestibles
 c - 2 bread rations
 h - 4 fruits
 l - 2 meat rations


   Skills:
 + Level 6.3 Fighting
 * Level 8.2 Long Blades
 + Level 4.9 Armour
 - Level 3.2 Dodging
 - Level 1.5 Stealth
 + Level 4.0 Shields


You had 7 spell levels left.
You didn't know any spells.

Dungeon Overview and Level Annotations

Branches:
Dungeon (6/15)             Temple (1/1) D:4

Altars:
Ashenzari
Dithmenos
Gozag
Hepliaklqana
Kikubaaqudgha
Makhleb
Nemelex Xobeh
Qazlal
Ru
Trog
Uskayaw
Xom
Zin
The Shining One


Innate Abilities, Weirdness & Mutations

You reflexively headbutt those who attack you in melee.
You have a pair of horns on your head.


Message History

You closely miss the orc warrior.
The orc warrior hits you with a trident.
Your chain mail prevents you from hitting the orc warrior.
The orc priest closely misses you.
You riposte.
You hit the orc priest. Your headbutt misses the orc priest.
The orc priest is lightly wounded.
The orc warrior hits you with a trident.
The orc priest mumbles some strange prayers to Beogh against you.
Beogh smites you!
The orc warrior hits you from afar with a trident.
There is a stone staircase leading up, spattered with blood here.
Your chain mail prevents you from hitting the orc priest.
The orc priest is lightly wounded.
The orc priest miscasts a cantrip.
The orc warrior hits you from afar with a trident!
* * * LOW HITPOINT WARNING * * *
The orc priest hits you but does no damage.
The orc warrior hits you from afar with a trident!
You die...
Your body crumbles into a pile of gold.

#........# #........#
##### #........###
....#####
#.>........#######........
#............#...#.<......
.)......_.................
..........................
#..............o..........
#.######......o.@.....)...
#.# ##.................
#.. ##...#...######### ##.
...####### .. .%.. .... ..


You could see an orc warrior and an orc priest.

Vanquished Creatures
  Eustachio (D:3)
  An ice beast (D:6)
  3 ogres
  A water moccasin skeleton (D:6)
  A jelly (D:5)
  A howler monkey (D:3)
  A crimson imp (D:5)
  An orc priest (D:6)
  An orc wizard (D:6)
  A gnoll shaman (D:6)
  An iguana (D:4)
  A worker ant (D:4)
  Robin (D:3)
  8 gnolls
  8 adders
  A howler monkey skeleton (D:5)
  2 oozes (D:2)
  An adder zombie (D:6)
  2 worms
  2 dart slugs (D:1)
  2 leopard geckos
  8 orcs
  A ball python (D:3)
  5 bats
  6 giant cockroaches
  10 goblins
  11 hobgoblins
  7 jackals
  3 kobolds
  5 quokkas
  7 frilled lizards
  7 rats
111 creatures vanquished.

Notes
Turn   | Place    | Note
-------+----------+-------------------------------------------
     0 | D:1      | tof the Minotaur Monk began the quest for the Orb.
     0 | D:1      | Reached XP level 1. HP: 19/19 MP: 0/0
   338 | D:1      | Reached skill level 4 in Long Blades
   343 | D:1      | Reached XP level 2. HP: 27/27 MP: 1/1
   367 | D:1      | Reached skill level 1 in Armour
   937 | D:2      | Reached XP level 3. HP: 26/33 MP: 2/2
   988 | D:2      | Noticed a necrophage
  1286 | D:2      | Found a shimmering altar of Xom.
  1288 | D:2      | Found an ancient bone altar of Kikubaaqudgha.
  1288 | D:2      | Found an ancient bone altar of Kikubaaqudgha.
  1290 | D:2      | Found a sacrificial altar of Ru.
  1290 | D:2      | Found a shattered altar of Ashenzari.
  1290 | D:2      | Found an iron altar of Okawaru.
  1421 | D:2      | Reached skill level 5 in Long Blades
  1421 | D:2      | Reached XP level 4. HP: 34/41 MP: 3/3
  1849 | D:2      | Found a hide-covered altar of Uskayaw.
  2289 | D:3      | Noticed Robin
  2312 | D:3      | Killed Robin
  2473 | D:3      | Reached XP level 5. HP: 45/47 MP: 4/4
  2842 | D:3      | Found a shattered altar of Ashenzari.
  3771 | D:4      | Noticed an ogre
  3773 | D:4      | Noticed Eustachio
  4005 | D:4      | Reached skill level 5 in Fighting
  4005 | D:4      | Reached skill level 6 in Long Blades
  4005 | D:4      | Reached skill level 1 in Shields
  4044 | D:3      | Reached XP level 6. HP: 36/56 MP: 5/5
  4185 | D:3      | Killed Eustachio
  4417 | D:4      | Found a staircase to the Ecumenical Temple.
  4425 | Temple   | Entered the Ecumenical Temple
  4443 | Temple   | Became a worshipper of Gozag Ym Sagoz the Greedy
  4566 | D:5      | Entered Level 5 of the Dungeon
  4685 | D:5      | Reached skill level 7 in Long Blades
  4685 | D:5      | Reached XP level 7. HP: 61/61 MP: 6/6
  5736 | D:5      | Found a stormy altar of Qazlal.
  6217 | D:6      | Found a sparkling altar of Nemelex Xobeh.
  6243 | D:6      | Found a bloodstained altar of Trog.
  6300 | D:6      | Found a shimmering altar of Xom.
  6325 | D:6      | Reached skill level 8 in Long Blades
  6521 | D:6      | Reached XP level 8. HP: 56/71 MP: 7/7
  6576 | D:6      | Slain by an orc warrior

Vault maps used:
D:1:      minmay_arrival_shoal_huts, minmay_misc_feat_diagonals
D:2:      lemuel_round_altar, doesnt_xom_only_xom
D:3:      lemuel_doored_altar, serial_forest, infiniplex_forest_zigzag_2,
          infiniplex_forest_clump_diagonal, infiniplex_forest_clump_small,
          infiniplex_forest_clump_long, infiniplex_forest_zigzag_2,
          infiniplex_forest_corner_1, uniq_robin
D:4:      minmay_temple_entry_enclosed_plants, first_bread, kennysheep_boxes,
          uniq_eustachio
D:5:      kennysheep_mini
D:6:      nemelex_altar_shiori, nicolae_overflow_crystal_walls, basic_altar
Temple:   dshaligram_water_room_temple

Skill      XL: |  1  2  3  4  5  6  7 |
---------------+----------------------+-----
Long Blades    | 4 5 6 7 8 |  8.2
Armour         | 1 2 3 4 |  4.9
Fighting       | 4 5 6 |  6.3
Shields        | 1 2 4 |  4.0
Dodging        | |  3.2
Stealth        | |  1.5

Action                   |  1- 3 |  4- 6 |  7- 9 || total
-------------------------+-------+-------+-------++-------
Melee: Falchion          |    48 |    98 |       ||   146
       Headbutt          |     5 |    24 |    29 ||    58
       Unarmed           |       |    16 |       ||    16
       Long sword        |       |    51 |   107 ||   158
  Use: Scroll            |       |     6 |       ||     6
 Stab: Sleeping          |     2 |     4 |       ||     6
  Eat: Chunk             |     2 |     5 |       ||     7
       Bread ration      |       |     1 |     1 ||     2
       Royal jelly       |       |       |     1 ||     1
Armor: Leather armour    |     4 |    11 |       ||    15
       Robe              |     1 |       |       ||     1
       Chain mail        |       |    35 |    81 ||   116
Dodge: Dodged            |    45 |   105 |    57 ||   207
       Rpst.: Falchion   |    11 |    18 |       ||    29
       Long sword        |       |     6 |    16 ||    22

Table legend:
 A = Spawn XP
 B = Non-spawn XP
 C = Spawn XP percentage of total XP
 D = Spawn monster count
 E = Non-spawn monster count
 F = Spawn count percentage of total count
 G = Total turns spent on level
                    A         B        C        D         E        F      G
               +---------+---------+-------+---------+---------+-------+---------
         Total |       0 |    1523 |   0.0 |       0 |     111 |   0.0 |  6576
               +---------+---------+-------+---------+---------+-------+---------
           D:1 |       0 |      34 |   0.0 |       0 |      17 |   0.0 |  1066
           D:2 |       0 |     103 |   0.0 |       0 |      20 |   0.0 |   955
           D:3 |       0 |     352 |   0.0 |       0 |      33 |   0.0 |  1736
           D:4 |       0 |     200 |   0.0 |       0 |      10 |   0.0 |   768
           D:5 |       0 |     311 |   0.0 |       0 |      15 |   0.0 |  1533
           D:6 |       0 |     523 |   0.0 |       0 |      16 |   0.0 |   477
               +---------+---------+-------+---------+---------+-------+---------
